 Dungeon Crawl Stone Soup version 0.26-a0-653-g6669bab64c (webtiles) character file.

Game seed: 12219259567052915920

19820 looop the Frost Mage (level 12, -13/116 HPs)
             Began as a Naga Ice Elementalist on Oct 4, 2020.
             Was a High Priest of Cheibriados.
             Mangled by a death yak (14 damage)
             ... on level 3 of the Lair of Beasts.
             The game lasted 00:33:42 (15663 turns).

looop the Frost Mage (Naga Ice Elementalist)       Turns: 15663, Time: 00:33:43

Health: -13/116    AC: 22    Str: 26    XL:     12   Next: 73%
Magic:  0/25       EV: 14    Int: 33    God:    Cheibriados [*****.]
Gold:   754        SH:  0    Dex: 26    Spells: 3/29 levels left

rFire    + . .     SeeInvis +   b - +6 glaive of Mutilation {protect, *Slow rF+ rC+ Stlth+}
rCold    + + +     Faith    .   (shield currently unavailable)
rNeg     + . .     Spirit   +   y - +2 robe {rC+ rF+}
rPois    +         Reflect  .   d - +1 helmet
rElec    .         Harm     .   O - scarf {shadows}
rCorr    .         Rampage  .   u - +1 pair of gloves
MR       +....                  c - +0 barding
Stlth    +++++.....             I - amulet of guardian spirit
HPRegen  0.29/turn              z - ring of ice
MPRegen  0.19/turn              A - ring of positive energy

@: protection aura, frozen ramparts, very slow
A: large, see invisible, deformed body, poison resistance, slowness 2, spit
poison 1, AC +4
a: Spit Poison, Bend Time, Temporal Distortion, Slouch, Step From Time, Renounce
Religion


You were on level 3 of the Lair of Beasts.
You worshipped Cheibriados.
Cheibriados was extremely pleased with you.
You visited 3 branches of the dungeon, and saw 15 of its levels.

You collected 1021 gold pieces.
You spent 267 gold pieces at shops.

Inventory:

Hand Weapons
 b - the +6 glaive of Mutilation (weapon) {protect, *Slow rF+ rC+ Stlth+}
   (You found it on level 8 of the Dungeon)

   It grants its wielder temporary protection when it strikes (+7 to AC).
   It protects you from fire.
   It protects you from cold.
   It may slow you when you take damage.
   It makes you more stealthy.
 k - the +5 flail of the Gnat {drain, MR+}
   (You bought it in a shop on level 7 of the Dungeon)

   A truly terrible weapon, it drains the life of those it strikes.
   It affects your resistance to hostile enchantments.
Missiles
 i - 56 poisoned darts (quivered)
 v - 3 throwing nets
Armour
 c - a +0 barding (worn)
 d - a +1 helmet (worn)
 o - a +0 tower shield
 u - a +1 pair of gloves (worn)
 y - a +2 robe of resistance (worn)
 E - a +2 robe of magic resistance
 O - a scarf of shadows (worn)
Magical Staves
 a - an uncursed staff of cold
 H - an uncursed staff of fire
Jewellery
 z - a ring of ice (left hand)
 A - a ring of positive energy (right hand)
 G - an uncursed ring of resist corrosion
 I - an amulet of guardian spirit (around neck)
 N - an uncursed ring of protection from magic
Wands
 f - a wand of flame (29)
 B - a wand of enslavement (12)
 J - a wand of paralysis (14)
 P - a wand of digging (2)
 Q - a wand of polymorph (4)
Scrolls
 e - 3 scrolls of immolation
 g - 2 scrolls of amnesia
 n - 5 scrolls of remove curse
 t - 4 scrolls of teleportation {unknown}
 C - a scroll of enchant weapon
 L - a scroll of fear
 S - a scroll of brand weapon
 T - a scroll of silence
Potions
 h - a potion of ambrosia {unknown}
 j - 2 potions of heal wounds
 p - a potion of flight
 q - 2 potions of resistance
 r - 7 potions of brilliance
 s - 3 potions of stabbing
 w - 6 potions of curing
 x - a potion of mutation
 D - a potion of lignification
 M - 4 potions of might {unknown}
Miscellaneous
 m - a box of beasts (3/3)
 R - a phantom mirror


   Skills:
 - Level 10.0 Fighting
 + Level 1.4 Armour
 - Level 6.6 Dodging
 - Level 8.0 Stealth
 + Level 9.4 Spellcasting
 * Level 3.6 Conjurations
 - Level 3.0 Summonings
 + Level 10.0 Ice Magic
 * Level 1.8 Air Magic
 - Level 3.0 Poison Magic
 - Level 6.0 Invocations


You had 3 spell levels left.
You knew the following spells:

 Your Spells              Type           Power        Failure   Level
a - Freeze                Ice            ####         1%          1
b - Frozen Ramparts       Ice            ######       1%          3
c - Ozocubu's Armour      Ice            ######..     1%          3
d - Hailstorm             Conj/Ice       ######..     1%          4
e - Summon Ice Beast      Ice/Summ       ######..     1%          4
f - Blink                 Tloc           N/A          4%          2
g - Mephitic Cloud        Conj/Pois/Air  ###.....     2%          3
h - Freezing Cloud        Conj/Ice/Air   #####.....   50%         6

Your spell library contained the following spells:

 Spells                   Type           Power        Failure   Level
 Foxfire                  Conj/Fire      ##..         1%          1
 Magic Dart               Conj           ###.         1%          1
 Shock                    Conj/Air       ###.         1%          1
 Call Imp                 Summ           ###.....     1%          2
 Poisonous Vapours        Pois/Air       ###...       1%          2
 Swiftness                Air            ##......     2%          2
 Corpse Rot               Necr/Air       N/A          3%          2
 Static Discharge         Conj/Air       ###.....     3%          3
 Slow                     Hex            #.......     4%          2
 Conjure Flame            Conj/Fire      ##......     4%          3
 Inner Flame              Hex/Fire       #.......     9%          3
 Airstrike                Air            ##........   14%         4
 Sticky Flame             Conj/Fire      ##......     14%         4
 Lightning Bolt           Conj/Air       ###.......   26%         5
 Petrify                  Tmut/Erth      #.......     30%         4
 Fireball                 Conj/Fire      ##........   36%         5


Dungeon Overview and Level Annotations

Branches:
Dungeon (11/15)            Temple (1/1) D:6            Lair (3/6) D:8
  Swamp (0/4) Lair:2       Spider (0/4) Lair:2          Orc (0/2) D:9

Altars:
Ashenzari
Cheibriados
Dithmenos
Elyvilon
Fedhas
Gozag
Hepliaklqana
Kikubaaqudgha
Makhleb
Nemelex Xobeh
Okawaru
Qazlal
Ru
Sif Muna
Trog
Uskayaw
Vehumet
Wu Jian
Xom
Yredelemnul
Zin
The Shining One
Beogh

Shops:
D:2 *   D:6 *   D:7 (   D:10 =

Annotations:
Lair:1 exclusion: oklob plant


Innate Abilities, Weirdness & Mutations

You cannot wear boots.
Your serpentine skin is tough. (AC +4)
You have supernaturally acute eyesight. (SInv)
Armour fits poorly on your strangely shaped body.
Your system is resistant to poisons. (rPois)
You cover ground very slowly.
You can spit poison.


Message History

The death yak is severely wounded.
The death yak gores your ice beast.
The wall freezes the death yak.
Your ice beast hits the death yak but does no damage.
The wall freezes the death yak.
The death yak barely misses your ice beast.
The wall freezes the death yak.
Your ice beast hits the death yak but does no damage.
Casting: Frozen Ramparts (safe; 1% risk of failure)
Confirm with . or Enter, or press ? or * to list all spells.
You don't have enough magic to cast that spell.
You hit the death yak.
Your weapon exudes an aura of protection.
The death yak is severely wounded.
Your ice beast disappears in a puff of smoke!
The death yak gores you.
* * * LOW HITPOINT WARNING * * *
The death yak gores you!!
* * * LOW HITPOINT WARNING * * *
The wall freezes the death yak.
The death yak gores you!
You die...

######### ##.#### #########..#
##....##.###..##.#####P..#.#...##
.................................
...........†..<...............)..
.......P#...##P#.................
.......##...####.................
......P##...P###.................
......###....P##.$...............
......# #......#@Y...Y...........
......# ##.#####YY..H..♣♣P...,,,,
......## ###**,#..§...<♣*...*,,,,
.......##**,**#.......♣♣,**,,,,,,
.........,,,,...........,,,,**,,,
.........,,,.........♣♣P,,*,***,,
........Y,,..........♣*..,,,,**,,
.......<.,,.........P.**♣♣,,,*,**
P........,,,,,,,,,,,,,,,,**,,,,,*


You could see 4 death yaks and a hippogriff.

Vanquished Creatures
  A hydra (Lair:1)
  Erica (D:8)
  2 two-headed ogres
  An elephant (Lair:3)
  3 torpor snails (Lair:1)
  A centaur skeleton (D:10)
  4 cane toads
  A komodo dragon (Lair:3)
  A rime drake (Lair:3)
  A jumping spider (Lair:2)
  Grinder (D:5)
  A hornet (D:8)
  A water elemental (D:10)
  5 hippogriffs
  A shadow (D:8)
  A spriggan (Lair:3)
  A human (D:8)
  16 yaks
  2 hogs (D:8)
  2 basilisks
  A steam dragon (Lair:1)
  4 insubstantial wisps (Lair:2)
  2 porcupines
  8 water moccasins
  4 ice beasts
  2 sky beasts
  A swamp drake (D:9)
  4 orc warriors
  4 phantoms
  A necrophage (D:10)
  3 black bears
  11 wolves
  4 centaurs
  3 ogres
  A crocodile (Lair:1)
  11 bullfrogs
  A wyvern zombie (D:8)
  8 scorpions
  3 killer bees (D:9)
  4 wights (D:9)
  5 howler monkeys
  2 bullfrog zombies
  4 hounds
  7 orc priests
  3 jellies
  A bullfrog skeleton (D:8)
  Jessica (D:3)
  4 iguanas
  7 orc wizards
  7 worker ants
  A hound skeleton (D:4)
  A worker ant zombie (D:2)
  Robin (D:4)
  8 gnolls
  9 adders
  3 shadow imps
  2 white imps
  2 ufetubi
  2 oozes
  2 adder zombies
  2 adder skeletons
  3 worms
  2 dart slugs
  5 leopard geckos
  33 orcs
  4 giant cockroaches
  10 goblins
  8 hobgoblins
  10 jackals
  7 quokkas
  A ball python (D:2)
  3 bats
  7 frilled lizards
  A kobold (D:1)
  2 leopard gecko skeletons (D:4)
  A leopard gecko zombie (D:5)
  2 quokka skeletons
  2 rats (D:2)
302 creatures vanquished.

Vanquished Creatures (collateral kills)
  A death yak (Lair:3)
  Joseph (D:10)
  3 water elementals (D:10)
  A basilisk (Lair:1)
  2 yaks
  A phantom (D:7)
  A worker ant zombie (D:8)
10 creatures vanquished.

Vanquished Creatures (others)
  A porcupine (Lair:2)
  A human (D:2)
  An orc (D:9)
  22 fungi
  93 plants
118 creatures vanquished.

Grand Total: 430 creatures vanquished

Notes
Turn   | Place    | Note
-------+----------+-------------------------------------------
     0 | D:1      | looop the Naga Ice Elementalist began the quest for the
                  | Orb.
     0 | D:1      | Reached XP level 1. HP: 15/15 MP: 3/3
   295 | D:1      | Reached XP level 2. HP: 17/22 MP: 3/5
  1064 | D:2      | Found an ancient bone altar of Kikubaaqudgha.
  1064 | D:2      | Noticed a human
  1071 | D:2      | Killed a human
  1078 | D:2      | Reached XP level 3. HP: 20/28 MP: 1/6
  1083 | D:2      | Learned a level 3 spell: Frozen Ramparts
  1488 | D:2      | Noticed a scorpion
  1523 | D:2      | Killed a scorpion
  1523 | D:2      | Reached skill level 5 in Ice Magic
  1523 | D:2      | Reached XP level 4. HP: 30/36 MP: 0/7
  1541 | D:2      | Found Zin's Purification Station.
  1703 | D:2      | Found a glowing silver altar of Zin.
  1799 | D:2      | Found a sacrificial altar of Ru.
  2459 | D:2      | Learned a level 3 spell: Ozocubu's Armour
  2486 | D:3      | Reached XP level 5. HP: 35/42 MP: 4/8
  2717 | D:3      | Noticed Jessica
  2720 | D:3      | Killed Jessica
  3229 | D:4      | Reached XP level 6. HP: 49/49 MP: 7/9
  3402 | D:4      | Noticed Robin
  3417 | D:4      | Killed Robin
  3698 | D:4      | Found a roughly hewn altar of Beogh.
  3712 | D:4      | Reached XP level 7. HP: 33/55 MP: 3/10
  3882 | D:4      | Reached skill level 1 in Fighting
  3930 | D:4      | Learned a level 4 spell: Summon Ice Beast
  3942 | D:5      | Entered Level 5 of the Dungeon
  4560 | D:5      | Reached XP level 8. HP: 63/69 MP: 6/14
  4620 | D:5      | Noticed Grinder
  4671 | D:5      | Killed Grinder
  4895 | D:5      | Learned a level 4 spell: Hailstorm
  5138 | D:6      | Found Omeut's General Store.
  5141 | D:6      | Bought a potion of degeneration for 12 gold pieces
  5141 | D:6      | Bought a potion of heal wounds for 60 gold pieces
  5166 | D:6      | Reached skill level 5 in Spellcasting
  5252 | D:6      | Reached skill level 1 in Conjurations
  5252 | D:6      | Reached skill level 1 in Summonings
  5257 | D:6      | Learned a level 2 spell: Blink
  5524 | D:6      | Found a staircase to the Ecumenical Temple.
  5710 | D:6      | Reached skill level 5 in Fighting
  5946 | D:7      | Reached XP level 9. HP: 80/81 MP: 17/17
  5985 | Temple   | Entered the Ecumenical Temple
  6153 | Temple   | Became a worshipper of Cheibriados the Contemplative
  6184 | D:7      | Found Xaihun's Antique Weapon Shoppe.
  6415 | D:7      | Bought a transparent flail for 195 gold pieces
  6415 | D:7      | Identified the +5 flail of the Gnat {drain, MR+} (You
                  | bought it in a shop on level 7 of the Dungeon)
  6751 | D:7      | Reached * piety under Cheibriados
  6790 | D:6      | Reached skill level 1 in Armour
  6877 | D:7      | Learned a level 3 spell: Mephitic Cloud
  6932 | D:7      | Reached skill level 1 in Poison Magic
  7135 | D:8      | Found a sparkling altar of Nemelex Xobeh.
  7139 | D:8      | Found a staircase to the Lair.
  7392 | D:8      | Noticed Erica
  7400 | D:8      | Killed Erica
  7435 | D:8      | Reached skill level 5 in Dodging
  7517 | D:8      | Found a shadowy altar of Dithmenos.
  7563 | D:8      | Reached XP level 10. HP: 91/91 MP: 15/19
  7711 | D:8      | Paralysed by a hornet for 1 turns
  7743 | D:8      | Reached ** piety under Cheibriados
  7913 | D:8      | Found a glowing golden altar of the Shining One.
  7984 | D:8      | Got an ancient glaive
  7985 | D:8      | Identified the +6 glaive of Mutilation {protect, *Slow rF+
                  | rC+ Stlth+} (You found it on level 8 of the Dungeon)
  7990 | D:8      | Identified the Guide on Cloudy Stones
  8026 | D:8      | Reached skill level 1 in Invocations
  8807 | D:9      | Reached skill level 5 in Invocations
  8867 | D:9      | Reached *** piety under Cheibriados
  9043 | D:9      | Found a staircase to the Orcish Mines.
  9209 | D:9      | Reached skill level 5 in Stealth
  9625 | D:9      | Found a white marble altar of Elyvilon.
  9784 | D:10     | Entered Level 10 of the Dungeon
  9821 | D:10     | Reached **** piety under Cheibriados
  9872 | D:10     | Reached XP level 11. HP: 97/97 MP: 17/20
 10385 | D:10     | Noticed a two-headed ogre
 10393 | D:10     | Killed a two-headed ogre
 10704 | D:10     | Noticed Joseph
 10753 | D:10     | Killed Joseph
 11029 | D:10     | Found Tuacviewka's Jewellery Boutique.
 11804 | D:11     | Noticed a two-headed ogre
 11811 | D:11     | Killed a two-headed ogre
 12002 | Lair:1   | Entered Level 1 of the Lair of Beasts
 12019 | Lair:1   | Got a masterwork short sword
 12020 | Lair:1   | Identified the +4 short sword of Moral Flaws {flame, rC+}
                  | (You found it on level 1 of the Lair of Beasts)
 12138 | Lair:1   | Noticed an oklob plant
 12287 | Lair:1   | Noticed a four-headed hydra
 12290 | Lair:1   | Reached ***** piety under Cheibriados
 12294 | Lair:1   | Killed a four-headed hydra
 12294 | Lair:1   | Reached skill level 10 in Ice Magic
 12673 | Lair:1   | Reached XP level 12. HP: 115/115 MP: 14/21
 12758 | Lair:1   | Reached skill level 10 in Fighting
 12918 | Lair:1   | Found a snail-covered altar of Cheibriados.
 13492 | Lair:2   | Found a hole to the Spider Nest.
 14048 | Lair:2   | Found a staircase to the Swamp.
 15023 | Lair:3   | Noticed a death yak
 15287 | Lair:3   | Learned a level 6 spell: Freezing Cloud
 15360 | Lair:3   | Noticed a death yak
 15377 | Lair:3   | Reached skill level 1 in Air Magic
 15638 | Lair:3   | Noticed a death yak
 15647 | Lair:3   | Noticed a death yak
 15649 | Lair:3   | Noticed a death yak
 15650 | Lair:3   | Noticed a death yak
 15655 | Lair:3   | Killed a death yak
 15660 | Lair:3   | HP: 2/116 [death yak (13)]
 15663 | Lair:3   | Mangled by a death yak

Illustrated notes

Levels and vault maps discovered:
D:1:      grunt_arrival_crossed_arrows, layout_loops_cross, serial_rivers,
          chequers_serial_rivers_room_b, chequers_serial_rivers_room_b,
          chequers_serial_rivers_room_b, chequers_serial_rivers_room_b,
          chequers_serial_rivers_micro_d
D:2:      layout_loops_corners, zin_purify, nicolae_ru_sacrificial_ziggurat,
          serial_forest, infiniplex_forest_clump_tiny,
          infiniplex_forest_clump_diagonal, infiniplex_forest_lined_4_way,
          infiniplex_forest_lined_room_, infiniplex_forest_side_room,
          infiniplex_forest_clump_curved, tgw_kikubaaqudgha
D:3:      layout_loops_ring, uniq_jessica
D:4:      layout_rooms, kennysheep_orc_chapel, uniq_robin
D:5:      layout_loops_ring, uniq_grinder
D:6:      layout_loops_ring, minmay_temple_entry_from_below_a, serial_shops,
          nicolae_shop_behind_doors, minmay_door_square
D:7:      layout_basic, serial_shops, shop
D:8:      minmay_the_grid_octo_triangle [minmay_the_grid_octo_focus,
          minmay_the_grid_octo_prize_square_snowflake,
          minmay_the_grid_octo_odd_swirl], layout_layer_cave,
          nicolae_tso_swordbearing_angel, kennysheep_mini,
          nicolae_dithmenos_shadow_blocks, lair_entry_dummy, grunt_livestock,
          uniq_erica
D:9:      layout_roguey, elyvilon_altar_5, erik_orc_1
D:10:     layout_loops_corners, serial_shops, kennysheep_mini_moat,
          nicolae_underground_beach, uniq_joseph
D:11:     layout_irregular_city, nicolae_wwwww, kennysheep_just_a_vault
Temple:   eino_temple_rhombus
Lair:1:   layout_misc_corridors, st_stairs_10, kennysheep_snail_temple,
          grunt_megastairs_3, minmay_lair_oklob_chamber, lemuel_fruit_tree
Lair:2:   layout_long_grid, minmay_swamp_entry_wisps, spider_nest_entry_a
Lair:3:   wad_woods_stonehenge, layout_regular_city

Skill      XL: |  1  2  3  4  5  6  7  8  9 10 11 12 |
---------------+-------------------------------------+-----
Ice Magic      | 5 6 8 10 | 10.0
Fighting       | 3 5 6 9 10 | 10.0
Spellcasting   | 4 5 6 9 |  9.4
Conjurations   | 2 3 |  3.6
Summonings     | 2 3 |  3.0
Armour         | 1 |  1.4
Dodging        | 5 6 |  6.6
Poison Magic   | 3 |  3.0
Invocations    | 6 |  6.0
Stealth        | 8 |  8.0
Air Magic      | 1 |  1.8

Action                   |  1- 3 |  4- 6 |  7- 9 | 10-12 || total
-------------------------+-------+-------+-------+-------++-------
Melee: Unarmed           |     9 |       |       |       ||     9
       Spear             |    13 |    59 |   180 |       ||   252
       Trident           |       |    48 |       |       ||    48
       Flail             |       |       |    60 |    64 ||   124
       Glaive            |       |       |       |   250 ||   250
       Staff             |       |       |       |    16 ||    16
Throw: Dart              |       |     1 |     4 |     4 ||     9
       Throwing net      |       |       |     2 |       ||     2
 Cast: Freeze            |    23 |     4 |       |     4 ||    31
       Frozen Ramparts   |     1 |    12 |    27 |    52 ||    92
       Ozocubu's Armour  |       |     2 |    10 |    22 ||    34
       Summon Ice Beast  |       |       |     4 |    15 ||    19
       Hailstorm         |       |       |     3 |    13 ||    16
       Mephitic Cloud    |       |       |       |     8 ||     8
       Blink             |       |       |       |     2 ||     2
 Abil: Spit Poison       |    12 |     6 |     8 |    10 ||    36
Evoke: Wand              |       |       |     3 |       ||     3
  Use: Scroll            |       |       |    13 |    15 ||    28
       Potion            |       |       |       |     4 ||     4
 Stab: Sleeping          |     3 |     1 |     7 |    10 ||    21
       Distracted        |       |       |     1 |       ||     1
       Confused          |       |       |       |     2 ||     2
Armor: Robe              |     7 |       |    97 |   201 ||   305
       Leather armour    |       |    44 |     6 |       ||    50
Dodge: Dodged            |    25 |    60 |   129 |   419 ||   633

Table legend: (Time is in decaauts)
 A = Elapsed time spent in this place.
 B = Non-inter-level travel time spent in this place.
 C = Inter-level travel time spent in this place.
 D = Time resting spent in this place.
 E = Time spent auto-exploring this place.
 F = Levels seen in this place.
 G = Mean time per level.
                   A        B        C        D        E       F      G
               +--------+--------+--------+--------+--------+-----+--------+
         Total |  23638 |  22236 |   1402 |   1453 |  17141 |  15 | 1575.9 |
       Dungeon |  17201 |  15995 |   1206 |    886 |  12477 |  11 | 1563.7 |
        Temple |    254 |    196 |     58 |      0 |    194 |   1 |  254.0 |
          Lair |   6183 |   6045 |    138 |    567 |   4470 |   3 | 2061.0 |
               +--------+--------+--------+--------+--------+-----+--------+

Top non-repeatable levels by time:
    D:10: 3491 daAuts
     D:8: 2744 daAuts
  Lair:2: 2685 daAuts
  Lair:1: 2075 daAuts
     D:9: 1804 daAuts
     D:2: 1787 daAuts
     D:5: 1523 daAuts
  Lair:3: 1423 daAuts
     D:6: 1384 daAuts
     D:1: 1350 daAuts
     D:7: 1058 daAuts
     D:3: 954 daAuts
     D:4: 933 daAuts
  Temple: 254 daAuts
    D:11: 167 daAuts
